 Dungeon Sprint DCSS version 0.20.1-1-g8b1a95d (webtiles) character file.

1311 equalderp2856 the Cleaver (level 8, -2/82 HPs)
             Began as a Minotaur Fighter on Sept 4, 2017.
             Splashed by an acid dragon's acid (13 damage)
             ... in the Dungeon (Sprint IX: "|||||||||||||||||||||||||||||").
             The game lasted 00:01:27 (296 turns).

equalderp2856 the Cleaver (Minotaur Fighter)         Turns: 296, Time: 00:01:28

Health: -2/82      AC: 11    Str: 21    XL:     8   Next: 32%
Magic:  7/7        EV:  7    Int:  5    God:
Gold:   0          SH: 12    Dex: 12    Spells: 7/7 levels left

rFire    . . .     SeeInvis .   t - +3 war axe (flame)
rCold    + . .     Gourm    .   c - +0 shield
rNeg     . . .     Faith    .   r - +0 plate armour {rC+}
rPois    .         Spirit   .   (helmet restricted)
rElec    .         Reflect  .   s - +0 cloak
rCorr    .         Harm     .   (no gloves)
MR       .....     NoTele   +   (no boots)
Stlth    ..........             (no amulet)
Regen    0.3/turn               (no ring)
MPRegen  0.1/turn               (no ring)

@: corroded
A: retaliatory headbutt, horns 2
a: no special abilities


You were in the Dungeon.
You were not hungry.

You visited 1 branch

Inventory:

Hand Weapons
 a - a +0 war axe
 t - a +3 war axe of flaming (weapon)
Armour
 b - a +0 scale mail
 c - a +0 shield (worn)
 r - a +0 plate armour of cold resistance (worn)
 s - a +0 cloak (worn)
Jewellery
 p - a +3 ring of strength
 q - a +3 ring of strength
Wands
 o - a wand of iceblast (7/15)
Scrolls
 k - 2 scrolls of blinking
 m - 3 scrolls of remove curse
 n - 2 scrolls of amnesia
Potions
 d - a potion of might
 e - 5 potions of curing
 h - a potion of haste
 i - 4 potions of magic
 j - a potion of berserk rage
 l - a potion of invisibility
Comestibles
 f - a bread ration


   Skills:
 + Level 11.1 Fighting
 + Level 12.6 Axes
 + Level 9.5 Armour
 + Level 4.2 Dodging
 + Level 11.2 Shields


You had 7 spell levels left.
You didn't know any spells.

Dungeon Overview and Level Annotations

Branches:
Dungeon (1/1)

Altars:
Cheibriados
Dithmenos
Elyvilon
Fedhas
Gozag
Hepliaklqana
Kikubaaqudgha
Makhleb
Nemelex Xobeh
Okawaru
Qazlal
Ru
Sif Muna
Trog
Uskayaw
Vehumet
Xom
Yredelemnul
Zin
The Shining One
Beogh
Jiyva
Lugonu


Innate Abilities, Weirdness & Mutations

You reflexively headbutt those who attack you in melee.
You have a pair of horns on your head.


Message History

The acid dragon bites you but does no damage.
You block the acid dragon's attack.
You hit the acid dragon but do no damage.
You block the acid dragon's attack.
The acid dragon claws you but does no damage.
You hit the acid dragon but do no damage.
You closely miss the acid dragon. Your headbutt misses the acid dragon.
The acid dragon spits acid at you. The splash of acid hits you!
* * * LOW HITPOINT WARNING * * *
The acid corrodes you!
You are splashed with acid!
The acid burns!
* * * LOW HITPOINT WARNING * * *
You slash the acid dragon! You burn the acid dragon.
You headbutt the acid dragon.
The acid dragon is severely wounded.
The acid dragon spits acid at you. The splash of acid hits you!
* * * LOW HITPOINT WARNING * * *
You are splashed with acid!
The acid burns!
You die... ▓▓▓▓▓▓▓▓▓▓▓▓▓▓▓▓▓▓▓▓▓▓▓▓ +.....D@....))'(..[.)|.. ▓▓▓▓▓▓▓▓▓▓▓▓▓▓▓▓▓▓▓▓▓▓▓▓

You could see an acid dragon.

Vanquished Creatures
  A two-headed ogre (D)
  An efreet (D)
  A phantom (D)
  An ogre (D)
  A centaur (D)
  2 hounds (D)
  2 iguanas (D)
  An orc wizard (D)
  A worker ant (D)
  An adder (D)
  An adder zombie (D)
  An adder skeleton (D)
  A giant cockroach (D)
  A goblin (D)
  A hobgoblin (D)
  A jackal (D)
  2 frilled lizards (D)
  A kobold (D)
21 creatures vanquished.

Notes
Turn   | Place    | Note
-------+----------+-------------------------------------------
     0 | D        | equalderp2856 the Minotaur Fighter began the quest for the Orb.
     0 | D        | Reached XP level 1. HP: 19/19 MP: 0/0
    23 | D        | Noticed an iguana
    23 | D        | Noticed a worker ant
    24 | D        | Reached XP level 2. HP: 23/28 MP: 1/1
    38 | D        | Reached skill level 5 in Fighting
    38 | D        | Reached skill level 3 in Axes
    38 | D        | Reached skill level 5 in Armour
    38 | D        | Reached skill level 5 in Shields
    38 | D        | Reached XP level 3. HP: 28/36 MP: 2/2
    40 | D        | Reached skill level 4 in Axes
    40 | D        | Reached skill level 1 in Dodging
    46 | D        | Found a roughly hewn altar of Beogh.
    46 | D        | Found a snail-covered altar of Cheibriados.
    46 | D        | Found a shadowy altar of Dithmenos.
    46 | D        | Found a white marble altar of Elyvilon.
    46 | D        | Found a blossoming altar of Fedhas.
    46 | D        | Found an opulent altar of Gozag.
    47 | D        | Found a hazy altar of Hepliaklqana.
    48 | D        | Found a viscous altar of Jiyva.
    49 | D        | Found an ancient bone altar of Kikubaaqudgha.
    50 | D        | Found a corrupted altar of Lugonu.
    51 | D        | Found a burning altar of Makhleb.
    52 | D        | Found a sparkling altar of Nemelex Xobeh.
    53 | D        | Found an iron altar of Okawaru.
    54 | D        | Found a stormy altar of Qazlal.
    55 | D        | Found a sacrificial altar of Ru.
    56 | D        | Found a deep blue altar of Sif Muna.
    57 | D        | Found a bloodstained altar of Trog.
    58 | D        | Found a hide-covered altar of Uskayaw.
    59 | D        | Found a radiant altar of Vehumet.
    61 | D        | Found a shimmering altar of Xom.
    62 | D        | Found a basalt altar of Yredelemnul.
    63 | D        | Found a glowing silver altar of Zin.
    64 | D        | Found a glowing golden altar of the Shining One.
   108 | D        | Noticed an ogre
   108 | D        | Noticed a centaur
   114 | D        | Killed a centaur
   114 | D        | Reached skill level 5 in Axes
   114 | D        | Reached XP level 4. HP: 46/47 MP: 3/3
   114 | D        | Reached XP level 5. HP: 51/52 MP: 4/4
   116 | D        | Killed an ogre
   116 | D        | Reached skill level 6 in Axes
   118 | D        | Reached skill level 7 in Axes
   124 | D        | Reached XP level 6. HP: 37/63 MP: 5/5
   132 | D        | Reached skill level 8 in Axes
   273 | D        | Noticed an acid dragon
   273 | D        | Noticed an efreet
   273 | D        | Noticed a two-headed ogre
   280 | D        | Killed a two-headed ogre
   280 | D        | Reached skill level 10 in Fighting
   280 | D        | Reached skill level 11 in Axes
   280 | D        | Reached skill level 10 in Shields
   280 | D        | Reached XP level 7. HP: 10/73 MP: 6/6
   283 | D        | Killed an efreet
   283 | D        | Reached skill level 12 in Axes
   283 | D        | Reached XP level 8. HP: 28/81 MP: 7/7
   296 | D        | Splashed by an acid dragon's acid

Skill      XL: |  1  2  3  4  5  6  7  8 |
---------------+-------------------------+-----
Armour         | 4 5 6 7 9 |  9.5
Fighting       | 4 5 7 9 10 11 | 11.1
Shields        | 4 5 7 8 10 11 | 11.2
Axes           | 3 5 7 11 12 | 12.6
Dodging        | 1 2 3 4 |  4.2

Action                   |  1- 3 |  4- 6 |  7- 9 || total
-------------------------+-------+-------+-------++-------
Melee: War axe           |    33 |    19 |    14 ||    66
       Headbutt          |     9 |     1 |     3 ||    13
  Use: Potion            |     1 |     1 |     1 ||     3
Armor: Scale mail        |    12 |     3 |       ||    15
       Plate armour      |       |     1 |     2 ||     3
Dodge: Dodged            |     6 |     6 |     3 ||    15
Block: Shield            |    22 |     8 |     7 ||    37
